 Dungeon Crawl Stone Soup version 0.21-a0-110-g8e1637b (webtiles) character file.

37 grindst0ne the Conjurer (level 3, -1/21 HPs)
             Began as a Tengu Wizard on July 10, 2017.
             Slain by a giant cockroach (2 damage)
             ... on level 2 of the Dungeon.
             The game lasted 00:04:45 (1545 turns).

grindst0ne the Conjurer (Tengu Wizard)              Turns: 1545, Time: 00:04:46

Health: -1/21      AC:  2    Str:  8    XL:     3   Next: 41%
Magic:  1/8        EV: 12    Int: 18    God:
Gold:   13         SH:  0    Dex: 12    Spells: 5/8 levels left

rFire    . . .     SeeInvis .   m - +0 club
rCold    . . .     Gourm    .   (no shield)
rNeg     . . .     Faith    .   a - +0 robe
rPois    .         Spirit   .   b - +0 hat
rElec    .         Reflect  .   (no cloak)
rCorr    .         Harm     .   (no gloves)
MR       .....                  (boots unavailable)
Stlth    ++........             (no amulet)
HPRegen  0.07/turn              (no ring)
MPRegen  0.11/turn              (no ring)

@: no status effects
A: beak, talons 3
a: no special abilities


You were on level 2 of the Dungeon.
You were not hungry.

You visited 1 branch of the dungeon, and saw 2 of its levels.

You collected 13 gold pieces.

Inventory:

Hand Weapons
 m - a +0 club (weapon)
Armour
 a - a +0 robe (worn)
 b - a +0 hat (worn)
Scrolls
 e - a scroll of amnesia {unknown}
 g - a scroll of remove curse {unknown}
 k - 3 scrolls of identify {unknown}
 l - a scroll of fear {unknown}
Potions
 f - a potion of mutation {unknown}
 h - 2 potions of brilliance {unknown}
 j - a potion of haste {unknown}
 n - a potion of ambrosia {unknown}
Books
 c - a book of Minor Magic

   Spells                             Type                      Level
   a - Magic Dart                     Conjuration                  1
   b - Blink                          Translocation                2
   c - Call Imp                       Summoning                    2
   d - Slow                           Hexes                        2
   e - Conjure Flame                  Conjuration/Fire             3
   f - Mephitic Cloud                 Conjuration/Poison/Air       3
Comestibles
 d - a bread ration
 i - a chunk of flesh
 o - a meat ration


   Skills:
 * Level 1.7 Fighting
 - Level 2.1 Dodging
 - Level 2.0 Stealth
 - Level 3.0 Spellcasting
 + Level 3.1 Conjurations
   Level 1.2 Summonings
 + Level 1.0 Translocations


You had 5 spell levels left.
You knew the following spells:

 Your Spells              Type           Power        Failure   Level  Hunger
a - Magic Dart            Conj           ##..         4%          1    None
b - Blink                 Tloc           N/A          16%         2    ##.....


Dungeon Overview and Level Annotations

Branches:
Dungeon (2/15)

Altars:
Nemelex Xobeh


Innate Abilities, Weirdness & Mutations

You have a beak for a mouth.
You have claws for feet.


Message History

The giant cockroach is lightly wounded.
The giant cockroach bites you.
* * * LOW HITPOINT WARNING * * *
The giant cockroach bites you.
* * * LOW HITPOINT WARNING * * *
Casting: Magic Dart
Confirm with . or Enter, or press ? or * to list all spells.
Aiming: Magic Dart
Press: ? - help, Shift-Dir - straight line, f/p - giant cockroach
Aim: a giant cockroach (lightly wounded, clinging)
The magic dart hits the giant cockroach.
The giant cockroach is moderately wounded.
The giant cockroach closely misses you.
You barely miss the giant cockroach.
The giant cockroach is moderately wounded.
The giant cockroach bites you.
* * * LOW HITPOINT WARNING * * *
The giant cockroach misses you. The giant cockroach bites you.
You die...

#####.# #.## ....
##.######...###...
#............#....
#..#######........
#..# #...........
#..# #.#.........
#..####.#.##..?...
#.......#.##......
#@#####...##s.....
#s# #.#.##%....#
#.# #.#.##.....#
#.#####.#....#..#.
#...........†.....
#######.####..##..
#<# #..# >) #..
....... ####
#.#....


You could see a giant cockroach.

Vanquished Creatures
  An ooze (D:1)
  A worm (D:2)
  A leopard gecko (D:1)
  2 giant cockroaches (D:1)
  5 goblins (D:1)
  4 hobgoblins (D:1)
  2 bats
  2 frilled lizards
  3 kobolds
  9 rats (D:1)
30 creatures vanquished.

Notes
Turn   | Place    | Note
-------+----------+-------------------------------------------
     0 | D:1      | grindst0ne the Tengu Wizard began the quest for the Orb.
     0 | D:1      | Reached XP level 1. HP: 10/10 MP: 5/5
   211 | D:1      | Reached skill level 1 in Fighting
   260 | D:1      | Reached XP level 2. HP: 10/16 MP: 7/7
   390 | D:1      | Found a sparkling altar of Nemelex Xobeh.
   765 | D:1      | Learned a level 2 spell: Blink
  1244 | D:1      | Reached XP level 3. HP: 21/21 MP: 8/8
  1304 | D:1      | Reached skill level 1 in Translocations
  1539 | D:2      | HP: 1/21 [giant cockroach (2)]
  1545 | D:2      | Slain by a giant cockroach

Vault maps used:
D:1:      minmay_arrival_four_loops, nemelex_xobeh_ov_fountains_minmay
D:2:      lightli_temple_of_fire, first_bread, minmay_misc_feat_secret_circle

Skill      XL: |  1  2  3 |
---------------+----------+-----
Fighting       | 1 |  1.7
Conjurations   | 2 3 |  3.1
Translocations | 1 |  1.0
Dodging        | |  2.1
Stealth        | |  2.0
Spellcasting   | |  3.0
Summonings     | |  1.2

Action                   || total
-------------------------++-------
Melee: Dagger            ||    25
       Peck              ||    11
       Unarmed           ||     1
       Club              ||    77
       Kick              ||    14
 Cast: Magic Dart        ||    24
 Stab: Sleeping          ||     1
       Distracted        ||     1
  Eat: Chunk             ||     2
Armor: Robe              ||    29
Dodge: Dodged            ||    85
